AoeStats
← Kaiser Ze

Black Forest

508889637Analyzed
4v4 RM · 9d ago on Sep 24, 2026· 23m 16s· 8 players
Game mode
Random Map
Map size
Large (8 player)
Population
200
Speed
Normal
Resources
Standard
Victory
Conquest
Starting age
Dark Age
Ending age
Imperial Age
RankedLock teamsTeams togetherTeam positionsShared explorationLock speedFull tech treeHidden civsTurbo modeCheats
Victory
Defeat
1424
+12
🇨🇳 Dravidians · China
1394
+13
🇨🇳 Persians · China
1296
+17
1247
+20
🇨🇳 Varangians · China
1382
-18
🇺🇸 Saxons · United States
1351
-16
🇷🇴 Danes · Romania
1323
-15
🇪🇸 Franks · Spain
1259
-13
Sageata
11:27 Feudal Age
15:05 Castle Age
13:16 Double-Bit Axe
13:44 Horse Collar
16:25 Bow Saw
20:39 Fishing Lines
22:17 Wheelbarrow
22:11 Heavy Plow
默默发育
0:46 Loom
12:03 Feudal Age
18:05 Castle Age
Olkem
0:31 Loom
11:21 Feudal Age
12:17 Town Watch
12:30 Double-Bit Axe
16:10 Castle Age
14:13 Stone Mining
14:59 Fletching
15:50 Wheelbarrow
15:55 Gold Mining
17:10 Bow Saw
18:57 Hand Cart
Hero Unit
1:41 Loom
10:32 Feudal Age
11:13 Horse Collar
11:50 Double-Bit Axe
17:37 Castle Age
15:29 Fletching
17:04 Padded Archer Armor
Ares_Hong Bang- Trieu Dynasty
6:45 Loom
8:49 Feudal Age
11:50 Fletching
15:56 Padded Archer Armor
21:24 Wheelbarrow
25:25 Castle Age
永乐大帝朱元璋
10:55 Feudal Age
14:44 Castle Age
14:11 Double-Bit Axe
14:07 Horse Collar
16:07 Bow Saw
19:18 Loom
21:18 Heavy Plow
22:35 Wheelbarrow
Kaiser Ze
6:38 Loom
11:45 Feudal Age
13:24 Fishing Lines
16:09 Castle Age
15:36 Double-Bit Axe
18:27 Wheelbarrow
18:01 Gold Mining
21:34 Fletching
23:36 Padded Archer Armor
23:31 Bodkin Arrow
小飞舞
7:30 Loom
12:09 Feudal Age
15:43 Castle Age
13:36 Double-Bit Axe
13:36 Horse Collar
17:11 Bow Saw
16:45 Fishing Lines
19:20 Gillnets
22:04 Heavy Plow
23:31 Wheelbarrow
23:21 Stone Mining
Connection lost

Rejoining the realm…

Still unreachable

The connection could not be restored.

Session expired

The server has moved on; the page needs a fresh start.